 Dungeon Crawl Stone Soup version 0.29.0-4-gdea44cf6ec (webtiles) character file.

Game seed: 6180866882771336781

74 qw the Ruffian (level 4, -5/35 HPs)
             Began as a Ghoul Fire Elementalist on Aug 29, 2022.
             Killed from afar by Sigmund (7 damage)
             ... with a puff of flame
             ... on level 3 of the Dungeon.
             The game lasted 00:02:06 (2373 turns).

qw the Ruffian (Ghoul Fire Elementalist)            Turns: 2373, Time: 00:02:06

Health: -5/35      AC:  6    Str: 13    XL:     4   Next: 30%
Magic:  5/5        EV: 10    Int: 10    God:
Gold:   132        SH:  5    Dex:  9    Spells: 5/6 levels left

rFire   . . .      SeeInvis .     - Unarmed
rCold   + . .      Faith    .   (no shield)
rNeg    + + +      Spirit   .   g - +0 ring mail
rPois   inf        Reflect  +   k - +1 hat
rElec   .          Harm     .   (no cloak)
rCorr   .          Rampage  .   (no gloves)
Will    .....                   (no boots)
Stlth   +.........              j - amulet of reflection
HPRegen 0.00/turn               (no ring)
MPRegen 0.09/turn               (no ring)

@: inhibited regen
A: claws 1, cold resistance 1, negative energy resistance 3, inhibited
regeneration, torment resistance 2, devour on kill
a: no special abilities


You were on level 3 of the Dungeon.
You visited 1 branch of the dungeon, and saw 3 of its levels.

You collected 132 gold pieces.


Innate Abilities, Weirdness & Mutations

You are immune to poison.
You have sharp fingernails.
Your flesh is cold resistant. (rC+)
You are immune to negative energy. (rN+++)
You do not regenerate when monsters are visible.
You are immune to unholy pain and torment.
You thrive by killing the living.


   Skills:
 - Level 1.0 Fighting
 - Level 1.7 Dodging
 - Level 2.1 Stealth
 + Level 3.9 Unarmed Combat
 - Level 1.7 Spellcasting
 - Level 0.7 Conjurations
 - Level 2.4 Fire Magic


You had 5 spell levels left.
You knew the following spells:

 Your Spells              Type           Power      Damage    Failure   Level
a - Foxfire               Conj/Fire      16%        2x1d4     36%         1

Your spell library contained the following spells:

 Spells                   Type           Power      Damage    Failure   Level
 Scorch                   Fire           10%        2d5       36%         2
 Conjure Flame            Conj/Fire      4%         6-21      73%         3
 Inner Flame              Hex/Fire       3%         N/A       78%         3
 Flame Wave               Conj/Fire      4%         2d5       98%         4

Inventory:

Armour
 g - a +0 ring mail (worn)
 k - a +1 hat (worn)
Jewellery
 j - an amulet of reflection (around neck)
Scrolls
 b - a scroll of identify
Potions
 c - a potion of might
 e - 2 potions of curing
 l - a potion of lignification {unknown}

Dungeon Overview and Level Annotations

Branches:
Dungeon (3/15)

Altars:

Annotations:
D:3 Sigmund


Message History

Sigmund is moderately wounded.
You scratch Sigmund but do no damage.
Sigmund is moderately wounded.
Sigmund barely misses you.
You scratch Sigmund.
Sigmund is moderately wounded.
Sigmund closely misses you.
You barely miss Sigmund.
Sigmund is moderately wounded.
You closely miss Sigmund.
Sigmund is moderately wounded.
Sigmund barely misses you.
You closely miss Sigmund.
Sigmund is moderately wounded.
Sigmund hits you but does no damage.
You scratch Sigmund.
Sigmund is heavily wounded.
You closely miss Sigmund.
Sigmund is heavily wounded.
Sigmund hits you with a +0 scythe.
You scratch Sigmund.
Sigmund is heavily wounded.
You scratch Sigmund.
Sigmund is heavily wounded.
Sigmund casts a spell at you.
The magic dart hits you but does no damage.
You completely miss Sigmund.
Sigmund is heavily wounded.
Sigmund casts a spell at you. The magic dart hits you.
You scratch Sigmund.
Sigmund is heavily wounded.
Sigmund barely misses you.
You closely miss Sigmund.
Sigmund is heavily wounded.
You scratch Sigmund.
Sigmund is severely wounded.
Sigmund casts a spell at you. The puff of flame hits you!
You die...

##..####### #.#
#...#8#8#8###.#
######....._......#
........#8#8#8#####
######..#######
#....# ##.### #.#
#@# .......@#
####.>... #.#...#
...!...# ###.#....
.....# # .....


You could see Sigmund.

Vanquished Creatures
  2 adders (D:2)
  A worm (D:2)
  3 dart slugs
  An orc (D:3)
  2 bats
  5 endoplasms
  3 giant cockroaches
  6 goblins
  4 hobgoblins
  3 quokkas
  4 ball pythons
  2 frilled lizards
  2 kobolds (D:1)
  5 rats
43 creatures vanquished.

Notes
Turn   | Place    | Note
-------+----------+-------------------------------------------
     0 | D:1      | qw the Ghoul Fire Elementalist began the quest for the Orb.
     0 | D:1      | Reached XP level 1. HP: 14/14 MP: 2/2
     0 | D:1      | 0 ||| qw: Version: 0.1-a-90-g952f4b7
     0 | D:1      | 0 ||| qw: Game counter: 4129
     0 | D:1      | 0 ||| qw: Always use a shield: true
     0 | D:1      | 0 ||| qw: God list: Okawaru
     0 | D:1      | 0 ||| qw: Allow faded altars: false
     0 | D:1      | 0 ||| qw: Do Orc after D:15 true
     0 | D:1      | 0 ||| qw: Do second Lair branch before Depths: true
     0 | D:1      | 0 ||| qw: Lair rune preference: random
     0 | D:1      | 0 ||| qw: Plans: Normal
     0 | D:1      | 0 ||| PLANNING D:1-11
   113 | D:1      | Reached skill level 1 in Unarmed Combat
   235 | D:1      | 235 ||| Stepping ~*~*~tactically~*~*~ (stealth).
   325 | D:1      | Reached skill level 1 in Fighting
   325 | D:1      | Reached XP level 2. HP: 23/23 MP: 3/3
   661 | D:1      | Reached skill level 2 in Unarmed Combat
   988 | D:1      | 988 ||| Stepping ~*~*~tactically~*~*~ (stealth).
   989 | D:1      | 989 ||| Stepping ~*~*~tactically~*~*~ (stealth).
   994 | D:1      | 994 ||| Stepping ~*~*~tactically~*~*~ (stealth).
   997 | D:1      | Reached XP level 3. HP: 26/28 MP: 4/4
  1054 | D:1      | 1054 ||| Stepping ~*~*~tactically~*~*~ (stealth).
  1056 | D:1      | 1056 ||| Stepping ~*~*~tactically~*~*~ (stealth).
  1072 | D:1      | 1072 ||| Stepping ~*~*~tactically~*~*~ (stealth).
  1199 | D:1      | 1199 ||| UPGRADING to +0 ring mail.
  1209 | D:1      | 1209 ||| DROPPING +0 robe.
  1210 | D:1      | 1210 ||| UPGRADING to +1 hat.
  1215 | D:1      | 1215 ||| UPGRADING to amulet of reflection.
  1220 | D:1      | 1220 ||| READING scroll labelled XUPHIS ITUSEON.
  1221 | D:1      | 1221 ||| READING scroll labelled CAWUFO VILIS.
  1222 | D:1      | 1222 ||| READING scroll labelled SOIWASH ANOG.
  1226 | D:1      | 1226 ||| READING scroll labelled NUOTUJ KODOLL.
  1227 | D:1      | 1227 ||| DRINKING 2 puce potions.
  1228 | D:1      | 1228 ||| DROPPING potion of magic.
  1560 | D:2      | 1560 ||| Stepping ~*~*~tactically~*~*~ (hiding).
  1582 | D:2      | Reached skill level 3 in Unarmed Combat
  1623 | D:2      | 1623 ||| Stepping ~*~*~tactically~*~*~ (stealth).
  1629 | D:2      | 1629 ||| Stepping ~*~*~tactically~*~*~ (stealth).
  1760 | D:2      | Reached XP level 4. HP: 35/35 MP: 5/5
  2202 | D:2      | 2202 ||| READING 3 scrolls labelled XAONTOSCHADIX.
  2203 | D:2      | 2203 ||| READING scroll labelled MOIGGI VIRIT.
  2204 | D:2      | 2204 ||| DRINKING 4 cyan potions.
  2205 | D:2      | 2205 ||| READING 2 scrolls of identify.
  2205 | D:2      | 2205 ||| IDENTIFYING orange potion
  2206 | D:2      | 2206 ||| DROPPING potion of attraction.
  2317 | D:3      | Found a faded altar of an unknown god.
  2335 | D:3      | Noticed Sigmund
  2336 | D:3      | 2336 ||| Stepping ~*~*~tactically~*~*~ (hiding).
  2349 | D:3      | 2349 ||| DRINKING 3 potions of curing.
  2349 | D:3      | 2349 ||| (to cure confusion)
  2367 | D:3      | HP: 8/35 [Sigmund/+0 scythe (4)]
  2370 | D:3      | HP: 2/35 [Sigmund/magic dart (6)]
  2373 | D:3      | Killed from afar by Sigmund

Levels and vault maps discovered:
D:1:      dpeg_arrival_erosion, layout_loops_cross
D:2:      layout_loops_cross, lightli_corner_chamber
D:3:      layout_loops_corners, ebering_ecumenical_altar_hall, uniq_sigmund,
          uniq_pargi

Skill      XL: |  1  2  3 |
---------------+----------+-----
Unarmed Combat | 1 2 3 |  3.9
Fighting       | 1 |  1.0
Dodging        | |  1.7
Stealth        | |  2.1
Spellcasting   | |  1.7
Conjurations   | |  0.7
Fire Magic     | |  2.4

Action                   |  1- 3 |  4- 6 || total
-------------------------+-------+-------++-------
Melee: Unarmed           |   119 |    95 ||   214
       Punch             |     1 |     2 ||     3
  Use: Scroll            |     4 |     3 ||     7
       Potion            |     1 |     2 ||     3
Armor: Robe              |     8 |       ||     8
       Ring mail         |    14 |    27 ||    41
Dodge: Dodged            |    41 |    36 ||    77
Block: Other             |     5 |    11 ||    16
       Reflection        |       |     2 ||     2

Table legend:
 A = Non-vault XP
 B = Vault XP
 C = Vault XP percentage of total XP
 D = Non-vault monster count
 E = Vault monster count
 F = Vault count percentage of total count
                 A         B        C        D         E       F
            +---------+---------+-------+---------+---------+-------
      Total |     107 |       0 |   0.0 |      43 |       0 |   0.0
            +---------+---------+-------+---------+---------+-------
        D:1 |      39 |       0 |   0.0 |      22 |       0 |   0.0
        D:2 |      60 |       0 |   0.0 |      18 |       0 |   0.0
        D:3 |       8 |       0 |   0.0 |       3 |       0 |   0.0
            +---------+---------+-------+---------+---------+-------
